 Dungeon Crawl Stone Soup version 0.32-a0-975-g85d4e5bfdb (webtiles) character file.

Game seed: 12222012721849404746

3577 Maxmaps the Grappler (level 9, -2/65 HPs)
             Began as a Demonspawn Shapeshifter on Apr 19, 2024.
             Was an Initiate of Gozag.
             Slain by a yak (9 damage)
             ... on level 9 of the Dungeon.
             The game lasted 00:09:32 (8449 turns).

Maxmaps the Grappler (Demonspawn Shapeshifter)      Turns: 8449, Time: 00:09:33

Health: -2/65      AC:  6    Str: 14    XL:     9   Next: 84%
Magic:  9/9        EV: 17    Int: 15    God:    Gozag
Gold:   440        SH:  0    Dex: 13    Spells: 8/8 levels left

rFire   + .          .
                       - Unarmed
rCold   . . .        (no shield)
rNeg    . . .        a - +0 animal skin
rPois   .            (helmet unavailable)
rElec   .            (cloak currently unavailable)
rCorr   .            (gloves currently unavailable)
SInv    .            (boots currently unavailable)
Will    .....        (no amulet)
Stlth   +            j - ring of protection from fire
HPRegen 0.30/turn    r - +4 ring of protection
MPRegen 0.11/turn

%: no passive effects
@: agile, beast-form, gold aura
A: beast (slay +1), horns 3, powered by pain 1
a: Begin Untransformation, Renounce Religion, Potion Petition, Call Merchant,
Bribe Branch


You were on level 9 of the Dungeon.
You worshipped Gozag.
Gozag was aware of your devotion.
You were a hulking beast.
You visited 2 branches of the dungeon, and saw 10 of its levels.

You collected 868 gold pieces.
You paid 428 gold pieces to Gozag.

Inventory:

Armour
 a - a +0 animal skin (worn)
Jewellery
 h - a ring of fire
 j - a ring of protection from fire (left hand)
 r - a +4 ring of protection (right hand)
Talismans
 c - a beast talisman (active)
 d - a flux talisman
Wands
 p - a wand of flame (16)
Scrolls
 b - a scroll of brand weapon
 g - 2 scrolls of amnesia
 i - 2 scrolls of identify
 k - 4 scrolls of teleportation
 o - a scroll of fog
 q - 2 scrolls of immolation
 s - a scroll of vulnerability
 t - a scroll of noise
Potions
 e - 3 potions of enlightenment
 f - a potion of degeneration {unknown}
 l - a potion of mutation
 m - 2 potions of curing


   Skills:
 - Level 4.0 Fighting
 + Level 4.1 Dodging
 - Level 12.1 Unarmed Combat
 - Level 2.6 Shapeshifting


You had 8 spell levels left.
You didn't know any spells.
Your spell library contained the following spells:

 Spells                   Type           Power      Damage    Failure   Level
 Magic Dart               Conj           0%         1d3       26%         1
 Sandblast                Erth           0%         2d4       26%         1
 Searing Ray              Conj           0%         2d4       38%         2
 Passwall                 Erth           0%         N/A       63%         3
 Stone Arrow              Conj/Erth      0%         3d7       63%         3
 Volatile Blastmotes      Fire/Tloc      0%         2d10      63%         3
 Animate Armour           Summ/Erth      0%         N/A       95%         4
 Fulminant Prism          Conj/Alch      0%         3d5       95%         4
 Iskenderun's Mystic Bla Conj/Tloc 0%             2d3        (+2d1     95%         4
 Lee's Rapid Deconstruct  Erth           0%         3d4*      100%        5
 Magnavolt                Erth/Air       0%         3d9       100%        7


Dungeon Overview and Level Annotations

Branches:
Dungeon (9/15)             Temple (1/1) D:6
   Lair: D:8-11         Orc: D:9-12

Altars:
Ashenzari
Cheibriados
Dithmenos
Fedhas
Gozag
Hepliaklqana
Kikubaaqudgha
Makhleb
Nemelex Xobeh
Okawaru
Qazlal
Ru
Sif Muna
Trog
Uskayaw
Vehumet
Wu Jian
Xom
Yredelemnul

Shops:
D:2 (

Portals:
Bailey: D:9


Innate Abilities, Weirdness & Mutations

You are a hulking beast.
Your limbs bulge with bestial killing power. (Slay +1)
You have a pair of large horns on your head.
You sometimes gain a little power by taking damage.


Message History

The yak is engulfed in a cloud of scalding steam.
You kill the yak!
Your Dodging skill increases to level 3!
Unknown command.
You punch the yak!
The yak is almost dead.
The yak gores you but does no damage.
You punch the yak!
You kill the yak!
You hear the faint creaking of a portcullis.
Your Dodging skill increases to level 4!
Aiming: Throw Flame
Press: ? - help, Shift-Dir - straight line, f - yak
Aim: a yak (81% to hit)
The puff of flame hits the yak.
The yak is lightly wounded.
The yak is engulfed in a cloud of scalding steam.
The yak gores you!
* * * LOW HITPOINT WARNING * * *
You focus on the pain.
You feel agile all of a sudden.
You hit the yak but do no damage. You headbutt the yak, but do no damage.
The yak is moderately wounded.
The yak is engulfed in a cloud of scalding steam.
You hit the yak but do no damage. Your punch misses the yak.
The yak is heavily wounded.
The yak barely misses you.
The yak is engulfed in a cloud of scalding steam.
The yak closely misses you.
Aiming: Throw Flame
Press: ? - help, Shift-Dir - straight line, f - yak, p - yak
Aim: a yak (steam, moderately wounded, 81% to hit)
The puff of flame hits the yak.
The yak is moderately wounded.
The yak gores you!
* * * LOW HITPOINT WARNING * * *
The yak is engulfed in a cloud of scalding steam.
The yak gores you!
You die...
Your body crumbles into a pile of gold.

.......#....#******+***,,,,,,,,*
.......#....#,,,,,,,,,*,,,,,,,,*
...##.......#,,,,,,,,,*,,,,,,,,*
...##.......#,,,,,,,,,*,******,*
...##.......#,,,,,,,,,+,* *,*
............#,,,,,,,,,*,******,*
####+#......###+####+##,,,,,,,,*
*,,,,#......'.........#,,,,,,,,*
,,,,,#......#..$hY....#,,,,,,,,*
,,,,,#......#..≈≈Y≈≈..#,,,,,,,,*
,,,,,########..≈$$.≈..#,,,,,,,,*
,,,,,**,,,.....~>∩.~..#,,,,,,,,*
*,,,,**,,......≈...≈..#,******,*
*,,,,**,...###.≈≈~≈≈..#,,,,,,,,*
*******,...*,...........,,,,,,,*
**##**............),,,,,,*
#.............,,,,,,*


You could see 2 yaks.

Vanquished Creatures
  2 yaks (D:9)
  A wraith (D:7)
  A water moccasin (D:6)
  4 orc warriors
  A black bear (D:7)
  2 ice beasts
  3 ogres
  2 centaurs
  5 phantoms
  3 scorpions
  3 killer bees (D:8)
  4 howler monkeys (D:7)
  4 bombardier beetles
  3 hounds
  2 gnoll boudas
  6 orc priests
  3 jellies (D:6)
  3 iguanas
  10 orc wizards
  11 adders
  6 gnolls
  2 shadow imps
  A dart slug (D:4)
  30 orcs
  2 ball pythons
  3 endoplasms
  2 giant cockroaches
  6 hobgoblins
  4 jackals (D:2)
  5 kobolds
  2 quokkas
  3 bats (D:1)
  3 frilled lizards
  10 goblins
  4 rats
156 creatures vanquished.

Vanquished Creatures (others)
  An orc (D:5)
1 creature vanquished.

Grand Total: 157 creatures vanquished

Notes
Turn   | Place    | Note
-------+----------+-------------------------------------------
     0 | D:1      | Maxmaps the Demonspawn Shapeshifter began the quest for the
                  | Orb.
     0 | D:1      | Reached XP level 1. HP: 15/15 MP: 1/1
   261 | D:1      | Gained mutation: You have a pair of small horns on your
                  | head. [demonic ancestry]
   261 | D:1      | Reached XP level 2. HP: 16/22 MP: 2/2
   332 | D:1      | Found a faded altar of an unknown god.
   670 | D:2      | Found Tipty's Weapon Shoppe.
   748 | D:2      | Gained mutation: You sometimes gain a little power by
                  | taking damage. [demonic ancestry]
   748 | D:2      | Reached XP level 3. HP: 13/29 MP: 3/3
  1354 | D:2      | Gained mutation: You have a pair of horns on your head.
                  | [demonic ancestry]
  1354 | D:2      | Reached XP level 4. HP: 18/37 MP: 4/4
  1945 | D:3      | Noticed a phantom
  1957 | D:3      | Killed a phantom
  1958 | D:3      | Reached skill level 3 in Unarmed Combat
  1958 | D:3      | Reached XP level 5. HP: 12/42 MP: 5/5
  2099 | D:3      | Noticed a phantom
  2112 | D:3      | Killed a phantom
  2113 | D:3      | Reached skill level 4 in Unarmed Combat
  2636 | D:4      | Noticed a phantom
  2653 | D:4      | Killed a phantom
  2654 | D:4      | Reached skill level 5 in Unarmed Combat
  2654 | D:4      | Gained mutation: You have a pair of large horns on your
                  | head. [demonic ancestry]
  2654 | D:4      | Reached XP level 6. HP: 37/48 MP: 6/6
  2904 | D:4      | Reached skill level 6 in Unarmed Combat
  3148 | D:4      | Noticed an ice beast
  3154 | D:4      | Killed an ice beast
  3155 | D:4      | Reached XP level 7. HP: 54/54 MP: 7/7
  3351 | D:5      | Entered Level 5 of the Dungeon
  3480 | D:5      | Reached skill level 7 in Unarmed Combat
  4038 | D:5      | HP: 1/54 [orc priest/divine providence (14)]
  4044 | D:5      | Reached skill level 8 in Unarmed Combat
  4465 | D:5      | Reached XP level 8. HP: 60/60 MP: 8/8
  4922 | D:6      | Found a staircase to the Ecumenical Temple.
  4948 | D:6      | Found a basalt altar of Yredelemnul.
  4952 | D:6      | Found an ornate altar of the Wu Jian Council.
  4956 | D:6      | Found a sparkling altar of Nemelex Xobeh.
  4994 | Temple   | Entered the Ecumenical Temple
  5004 | Temple   | Became a worshipper of Gozag Ym Sagoz the Greedy
  5019 | D:6      | Reached skill level 9 in Unarmed Combat
  5679 | D:6      | Reached skill level 10 in Unarmed Combat
  6130 | D:7      | Reached XP level 9. HP: 63/65 MP: 9/9
  6205 | D:7      | Identified the +5 long sword "Demonbane" {spect, Dex+5}
  6802 | D:7      | Reached skill level 11 in Unarmed Combat
  7481 | D:8      | Found a shimmering blue altar of Sif Muna.
  7654 | D:8      | Reached skill level 12 in Unarmed Combat
  8369 | D:9      | HP: 3/65 [orc priest/+0 flail (4)]
  8423 | D:9      | Found a flagged portal.
  8449 | D:9      | Slain by a yak

Illustrated notes

Levels and vault maps discovered:
D:1:      amcnicky_arrival_single_pillar, layout_loops_ring,
          shapermc_ecumenical_altar_notcrosses
D:2:      layout_basic, serial_shops, shop
D:3:      minmay_evil_eye, layout_basic
D:4:      layout_loops_ring
D:5:      layout_rooms, minmay_starry_boxes
D:6:      layout_basic, nicolae_overflow_macrodata_refinement,
          minmay_temple_entry_slanted
D:7:      layout_loops_corners
D:8:      layout_loops_ring, lemuel_blue_sif_altar, hangedman_decor_opposing,
          serial_library_regret_index_multi, solitary_fountain
D:9:      layout_stronghold, enter_bailey_5, uniq_erolcha, uniq_maurice
Temple:   compressed_dpeg_triangle_lava_temple

Skill      XL: |  1  2  3  4  5  6  7  8  9 |
---------------+----------------------------+-----
Fighting       | 2 3 4 |  4.0
Unarmed Combat | 3 5 6 8 10 12 | 12.1
Dodging        | 4 |  4.1
Shapeshifting  | |  2.6

Action                     |  1- 3 |  4- 6 |  7- 9 || total
---------------------------+-------+-------+-------++-------
  Melee: Unarmed           |    84 |   108 |   308 ||   500
         Headbutt          |    11 |    22 |    49 ||    82
         Punch             |     1 |     1 |    17 ||    19
 Invoke: Potion Petition   |       |       |     1 ||     1
  Evoke: Wand              |       |       |     7 ||     7
    Use: Potion            |       |     4 |     7 ||    11
         Scroll            |       |       |    14 ||    14
   Stab: Sleeping          |       |     1 |     2 ||     3
         Distracted        |       |     1 |     1 ||     2
         Invisible         |       |       |     3 ||     3
 Armour: Animal skin       |    58 |    42 |   213 ||   313
         Skin              |       |    14 |       ||    14
  Dodge: Dodged            |    51 |    47 |   166 ||   264

Table legend: (Time is in decaauts)
 A = Elapsed time spent in this place.
 B = Non-inter-level travel time spent in this place.
 C = Inter-level travel time spent in this place.
 D = Time resting spent in this place.
 E = Time spent auto-exploring this place.
 F = Levels seen in this place.
 G = Mean time per level.
                   A        B        C        D        E       F      G
               +--------+--------+--------+--------+--------+-----+--------+
         Total |   8403 |   8090 |    313 |   1051 |   5982 |  10 |  840.3 |
       Dungeon |   8381 |   8086 |    295 |   1051 |   5982 |   9 |  931.2 |
        Temple |     21 |      3 |     18 |      0 |      0 |   1 |   21.0 |
               +--------+--------+--------+--------+--------+-----+--------+

Top non-repeatable levels by time:
     D:6: 1406 daAuts
     D:8: 1217 daAuts
     D:7: 1187 daAuts
     D:5: 1128 daAuts
     D:3: 968 daAuts
     D:2: 941 daAuts
     D:4: 759 daAuts
     D:1: 668 daAuts
     D:9: 104 daAuts
  Temple: 21 daAuts
